Selects Luftwaffe Battlegroup
Selects Luftwaffe Pioneer Support
Selects Luftwaffe Pioneer Support
Fallschirmpioneer Squad Paradrop
Construct Infanterie Kompanie
Construct Panzergrenadier Kompanie
Selects Flak 38 Anti-Air Emplacement
Nebelwerfer 42 Rocket Launcher Team
Selects Reconnaissance Run
Selects Fallschirmjäger Squad Paradrop
Fallschirmpioneer Squad Paradrop
Construct Panzer Kompanie
Selects Flak 36 Anti-tank Gun Emplacement
Pak 40 Anti-tank Gun Team